 Dungeon Crawl Stone Soup version 0.30-a0-469-g84de5afbc5 (webtiles) character file.

Game seed: 1951080593753578203

308834 ryw the Executioner (level 21, -4/199 HPs)
             Began as a Hill Orc Berserker on Dec 19, 2022.
             Was the Champion of Trog.
             Killed from afar by a crystal guardian (50 damage)
             ... with a crystal bolt
             ... led by a peacekeeper
             ... on level 2 of the Vaults on Dec 20, 2022.
             The game lasted 01:32:09 (42036 turns).

ryw the Executioner (Hill Orc Berserker)           Turns: 42036, Time: 01:32:10

Health: -4/199     AC: 38    Str: 37    XL:     21   Next: 22%
Magic:  21/21      EV: 20    Int:  5    God:    Trog [******]
Gold:   4062       SH:  0    Dex: 10    Spells: 20/20 levels left

rFire   . . .      SeeInvis +    a - +3 executioner's axe (flame)
rCold   . . .      Faith    .    (shield currently unavailable)
rNeg    + + .      Spirit   .    w - +2 crystal plate armour
rPois   +          Reflect  .    Q - +2 helmet "Darchubo" {rElec rPois Slay+6 SInv}
rElec   +          Harm     .    Z - +0 cloak {rPois}
rCorr   .          Rampage  .    h - +2 pair of gloves
Will    +....                    C - +0 pair of boots of Tius {rN++ Str+2 Int-4 Stlth+}
Stlth   ..........               O - amulet of regeneration
HPRegen 1.33/turn                z - ring of the Hare {EV+8}
MPRegen 0.17/turn                u - +6 ring of strength

@: marked, on berserk cooldown, slowed, studying 2 skills, very slow
A: no striking features
}: 2/15 runes: serpentine, barnacled
a: Renounce Religion, Berserk, Trog's Hand, Brothers in Arms


You were on level 2 of the Vaults.
You worshipped Trog.
Trog was exalted by your worship.
You visited 7 branches of the dungeon, and saw 35 of its levels.
You also visited: Bailey.

You collected 4386 gold pieces.
You spent 324 gold pieces at shops.

Inventory:

Hand Weapons
 a - a +3 executioner's axe of flaming (weapon)
 b - the +10 arbalest of Cavea {penet, +Blink rN+ Will+}
   (You acquired it on level 5 of the Dungeon)

   Any ammunition fired by it passes through the targets it hits, potentially
   hitting all targets in its path until it reaches maximum range.
   rN:        It protects you from negative energy.
   +Blink:    It lets you blink.
   Will:      It increases your willpower.
 r - a +3 executioner's axe of protection
 D - a +4 broad axe
Armour
 h - a +2 pair of gloves (worn)
 w - a +2 crystal plate armour (worn)
 C - the +0 pair of boots of Tius (worn) {rN++ Str+2 Int-4 Stlth+}
   (You found it on level 6 of the Dungeon)

   Str:       It affects your strength (+2).
   Int:       It affects your intelligence (-4).
   rN:        It greatly protects you from negative energy.
   Stlth:     It makes you more stealthy.
 Q - the +2 helmet "Darchubo" (worn) {rElec rPois Slay+6 SInv}
   (You found it on level 13 of the Dungeon)

   Slay:      It affects your accuracy & damage with ranged weapons and melee
   (+6).
   rElec:     It insulates you from electricity.
   rPois:     It protects you from poison.
   SInv:      It lets you see invisible.
 Z - a +0 cloak of poison resistance (worn)
Jewellery
 f - a ring of protection from fire
 i - an amulet of the acrobat
 u - a +6 ring of strength (right hand)
 y - the ring "Wumexuu" {rElec Str+3 Int+6}
   (You found it on level 13 of the Dungeon)

   [ring of intelligence]

   Str:       It affects your strength (+3).
   Int:       It affects your intelligence (+6).
   rElec:     It insulates you from electricity.
 z - the ring of the Hare (left hand) {EV+8}
   (You found it on level 9 of the Dungeon)

   [ring of evasion]

   EV:        It affects your evasion (+8).
 B - a ring of resist corrosion
 J - the ring of Creativity {rC+ Will+ MP+9 SInv}
   (You took it off a deep elf annihilator on level 3 of the Elven Halls)

   [ring of protection from cold]

   rC:        It protects you from cold.
   MP:        It affects your magic capacity (+9).
   SInv:      It lets you see invisible.
   Will:      It increases your willpower.
 O - an amulet of regeneration (around neck)
 W - a ring of protection from cold
 Y - the ring "Cyasamn" {Fly Stlth+}
   (You found it on level 3 of the Shoals)

   [ring of flight]

   Fly:       It grants you flight.
   Stlth:     It makes you more stealthy.
Wands
 j - a wand of mindburst (13)
 l - a wand of iceblast (43) (quivered)
 t - a wand of flame (14)
 E - a wand of paralysis (33)
 L - a wand of quicksilver (6)
 U - a wand of polymorph (12)
Scrolls
 k - 8 scrolls of blinking
 m - 13 scrolls of teleportation
 x - 2 scrolls of magic mapping
 F - 9 scrolls of fear
 H - 6 scrolls of poison
 I - 5 scrolls of silence
Potions
 d - 5 potions of haste
 e - 2 potions of cancellation
 g - 7 potions of lignification
 n - 3 potions of flight
 o - 8 potions of mutation
 p - 13 potions of curing
 q - 7 potions of heal wounds
 s - 8 potions of resistance
 v - 6 potions of attraction
 A - 4 potions of berserk rage
 K - a potion of invisibility
 M - a potion of ambrosia
 V - 2 potions of might
Miscellaneous
 c - a piece from Xom's chessboard (15/15)
 R - a condenser vane
 T - a piece from Xom's chessboard (15/15)


   Skills:
 + Level 19.6 Fighting
 - Level 24.0 Axes
 - Level 18.0 Ranged Weapons
 - Level 2.0 Throwing
 + Level 17.8 Armour
 + Level 14.1 Dodging
 - Level 3.0 Evocations


You had 20 spell levels left.
You didn't know any spells.
Your spell library was empty.

Dungeon Overview and Level Annotations

Branches:
Dungeon (15/15)            Temple (0/1) D:5            Lair (5/5) D:9
 Shoals (4/4) Lair:2        Snake (4/4) Lair:2        Slime (0/5) Lair:5
    Orc (2/2) D:9             Elf (3/3) Orc:2        Vaults (1/5) D:13
 Depths (0/4) D:15         Bailey (visited)

Altars:
Dithmenos
Elyvilon
Fedhas
Gozag
Kikubaaqudgha
Okawaru
Trog
Vehumet
Wu Jian
Xom
Zin
Beogh
Jiyva

Shops:
D:2 :   D:4 (   D:6 **   D:9 =   D:12 [   Orc:2 *([(   Elf:1 (::((
Elf:3 (*[*(   Shoals:2 :   Snake:2 =

Portals:
Abyss: Shoals:3

Annotations:
D:5 1 runed translucent door, ojifijod's ghost, amateur NaFi
D:6 exclusion: statue
Shoals:1 2 transporters, Zuxu Cyl's ghost, adept GrEE
Shoals:3 2 transporters, experimilk's ghost, adept DrCj


Message History

You are no longer berserk.
You are exhausted.
You feel yourself slow down.
You start resting.
A crystal guardian comes into view.
A peacekeeper comes into view.
The crystal guardian barely misses you.
You hit the crystal guardian but do no damage.
The peacekeeper roars a battlecry!
The crystal guardian goes into a battle-frenzy!
The crystal guardian hits you but does no damage.
You hit the crystal guardian.
The crystal guardian is lightly damaged.
The crystal guardian hits you!!
You slash the crystal guardian!
The crystal guardian is moderately damaged.
You slice the peacekeeper!! You burn the peacekeeper.
The peacekeeper bites you but does no damage.
The peacekeeper claws you. The crystal guardian hits you!!
The peacekeeper bites you but does no damage.
The peacekeeper claws you but does no damage.
You hit the peacekeeper.
The peacekeeper is heavily damaged.
You slice the crystal guardian!! The peacekeeper barely misses you.
The peacekeeper claws you but does no damage.
The crystal guardian fires a crystalline bolt at you.
The crystal bolt burns you!!! The crystal bolt burns you!!
* * * LOW HITPOINT WARNING * * *
The crystal bolt burns the crystal guardian.
The crystal guardian completely resists.
You are too injured to fight recklessly!
You are too injured to fight recklessly!
You hit the crystal guardian but do no damage.
The crystal guardian is severely damaged.
You hit the peacekeeper. You burn the peacekeeper.
The peacekeeper bites you but does no damage.
The peacekeeper closely misses you.
The crystal guardian fires a crystalline bolt at you.
The crystal bolt misses you. The crystal bolt burns you!!!
You die...

################
#####.....#..#.....#
#...#.....'..#.....# ###
#...'.....#..#.....# ##...
##'..'.....#..#..9..#
#...c.
..#'##.....#..#.@9)[#
#......
⌠.#.########..####)##
..p..#
..####...........)).##...#
##'..'............).'....#
#...##'####..#######...##
#...#.....#..# #...#
#####.....#..# #..[#
#...>.#..# #....#
#.....#..+ ##...#


You could see a crystal guardian (strong) and a peacekeeper.

Vanquished Creatures
  Nikola (Elf:1)
  Jorgrun (Elf:1)
  3 deep elf blademasters
  Polyphemus (Shoals:3)
  Frances (Snake:2)
  2 deep elf master archers (Elf:3)
  2 sphinxes
  Kirke (D:13)
  Agnes (Elf:1)
  Ilsuiw (Shoals:4)
  5 nagarajas
  A storm dragon (D:13)
  5 vault wardens (Vaults:1)
  4 deep elf sorcerers
  6 deep elf elementalists (Elf:3)
  5 ironbound preservers
  3 orc warlords (Orc:2)
  4 ironbound thunderhulks
  6 deep elf demonologists (Elf:3)
  5 deep elf annihilators (Elf:3)
  5 dire elephants
  8 deep elf death magi (Elf:3)
  3 merfolk impalers (Shoals:4)
  A crystal guardian (Vaults:1)
  5 yaktaur captains
  5 merfolk javelineers
  Josephine (D:14)
  2 fire dragons
  3 deep elf high priests (Elf:3)
  2 entropy weavers (Vaults:1)
  A salamander tyrant (Snake:3)
  A vault guard (Vaults:1)
  A great orb of eyes (Vaults:1)
  5 hydras
  7 centaur warriors
  9 anacondas
  4 merfolk avatars
  3 ironbound frosthearts
  4 alligator snapping turtles
  2 merfolk aquamancers (Shoals:4)
  Erica (D:9)
  2 death knights
  29 dancing weapons
  6 catoblepae
  2 boulder beetles
  9 death yaks
  12 naga warriors
  3 orc high priests (Orc:2)
  2 two-headed ogres
  12 naga sharpshooters
  3 large abominations (Elf:3)
  Urug (D:11)
  5 tengu warriors
  A deep troll earth mage (D:13)
  16 deep elf knights
  8 shock serpents
  3 skeletal warriors (D:14)
  9 salamander mystics
  7 deep trolls (Vaults:1)
  2 glowing orange brains
  13 sea snakes
  A swamp dragon (Lair:5)
  A deep troll (shapeshifter) (D:14)
  A kraken simulacrum (Shoals:4)
  An obsidian statue (D:9)
  9 ironbound convokers
  7 naga ritualists
  4 orc knights (Orc:2)
  A wizard (Vaults:2)
  17 lindwurms
  15 deep elf archers
  23 deep elf zephyrmancers
  3 phantasmal warriors
  9 ugly things
  22 deep elf pyromancers
  9 orc sorcerers
  2 necromancers (Elf:3)
  20 manticores
  20 salamanders
  30 harpies
  2 wolf spiders
  17 mana vipers
  5 cyclopes
  20 elephants
  3 fauns (Shoals:1)
  7 guardian serpents
  11 merfolk sirens
  6 vault sentinels
  35 black mambas
  6 naga magi
  3 water nymphs
  4 unseen horrors
  14 cane toads
  An unseen horror (shapeshifter) (D:15)
  2 gargoyles
  A kobold demonologist (D:12)
  6 rime drakes
  4 freezing wraiths
  6 komodo dragons
  An efreet (D:13)
  A tengu conjurer (D:15)
  19 yaktaurs
  6 trolls
  25 merfolk
  3 meliai (D:13)
  3 hornets
  7 wind drakes
  2 polar bears (Lair:4)
  2 dream sheep (Lair:5)
  19 blink frogs
  11 slime creatures
  10 snapping turtles
  2 shadows (D:13)
  A jumping spider (Vaults:1)
  5 wyverns
  A vampire (Bailey)
  4 wraiths
  2 culicivoras (shapeshifter)
  8 water elementals
  3 basilisks
  Grum (D:8)
  45 yaks
  2 fire elementals
  3 steam dragons
  4 hogs (D:13)
  A vampire mosquito (D:9)
  5 redbacks (Vaults:1)
  5 wargs
  7 acid dragons
  27 nagas
  21 water moccasins
  A swamp drake (D:9)
  A sky beast (D:7)
  An ice beast (D:7)
  33 orc warriors
  2 black bears
  5 centaurs
  2 ogres
  17 wolves
  5 elf zombies (Elf:3)
  A kobold brigand (D:7)
  2 gnoll sergeants
  4 scorpions
  A necrophage (D:7)
  3 bullfrogs
  2 earth elementals
  13 wights
  10 killer bees
  2 electric eels (Elf:3)
  7 howler monkeys
  8 vampire bats (Bailey)
  8 wolf zombies (Bailey)
  2 gnoll boudas
  22 orc priests
  A hound (D:5)
  4 jellies
  Natasha (thrice) (D:2)
  11 iguanas
  35 orc wizards
  5 hell rats (Lair:5)
  22 gnolls
  6 adders
  An ufetubus (D:6)
  5 worms
  2 dart slugs (D:1)
  87 orcs
  7 ball pythons
  8 endoplasms
  2 giant cockroaches (D:2)
  10 goblins
  8 hobgoblins
  10 jackals
  4 quokkas
  8 bats
  2 frilled lizards
  14 kobolds
  17 orc zombies (Bailey)
  7 rats
  A plant (Shoals:3)
1312 creatures vanquished.

Vanquished Creatures (others)
  A deep elf knight (Elf:2)
  A deep elf archer (Elf:2)
  A salamander (Snake:3)
  An orc priest (Orc:2)
  2 orcs (Orc:2)
  9 bushes
  28 fungi
  81 plants
  12 tentacles (Shoals:4)
136 creatures vanquished.

Grand Total: 1448 creatures vanquished

Notes
Turn   | Place    | Note
-------+----------+-------------------------------------------
     0 | D:1      | ryw the Hill Orc Berserker began the quest for the Orb.
     0 | D:1      | Reached XP level 1. HP: 19/19 MP: 1/1
   409 | D:1      | Reached XP level 2. HP: 26/27 MP: 2/2
   975 | D:2      | Reached XP level 3. HP: 28/33 MP: 3/3
  1251 | D:2      | Noticed Natasha
  1265 | D:2      | HP: 1/33 [Natasha (5)]
  1268 | D:2      | Killed Natasha
  1269 | D:2      | Reached skill level 5 in Axes
  1269 | D:2      | Reached XP level 4. HP: 3/40 MP: 4/4
  1586 | D:2      | Noticed Natasha
  1604 | D:2      | Killed Natasha
  1803 | D:2      | Noticed Natasha
  1811 | D:2      | Killed Natasha
  1812 | D:2      | Reached XP level 5. HP: 47/47 MP: 5/5
  1812 | D:2      | Found Sieziamm's Book Shop.
  1851 | D:2      | Found a faded altar of an unknown god.
  1997 | D:3      | Reached ** piety under Trog
  2165 | D:3      | Found an opulent altar of Gozag.
  2245 | D:3      | Found an iron altar of Okawaru.
  2395 | D:3      | Reached skill level 6 in Axes
  2686 | D:3      | Reached XP level 6. HP: 50/53 MP: 6/6
  3301 | D:4      | Found an ornate altar of the Wu Jian Council.
  3382 | D:4      | Noticed a black bear
  3393 | D:4      | Killed a black bear
  3394 | D:4      | Reached skill level 5 in Fighting
  3394 | D:4      | Reached skill level 1 in Throwing
  3482 | D:4      | Found Letuapou's Antique Weapon Boutique.
  3541 | D:5      | Entered Level 5 of the Dungeon
  3737 | D:5      | Reached XP level 7. HP: 52/61 MP: 7/7
  3744 | D:5      | Reached skill level 7 in Axes
  3830 | D:5      | Found a staircase to the Ecumenical Temple.
  3846 | D:5      | Found a runed translucent door.
  3889 | D:5      | Reached *** piety under Trog
  4130 | D:5      | Found a shadowy altar of Dithmenos.
  4312 | D:5      | Noticed ojifijod's ghost (amateur NaFi)
  4318 | D:5      | Identified a scroll of acquirement
  4318 | D:5      | Acquired the +10 arbalest of Cavea {penet, +Blink rN+
                  | Will+}
  4625 | D:5      | Reached XP level 8. HP: 59/70 MP: 8/8
  4628 | D:5      | Reached skill level 8 in Axes
  4636 | D:5      | HP: 2/70 [gnoll bouda/+0 whip (4)]
  4638 | D:5      | Reached skill level 1 in Ranged Weapons
  5215 | D:6      | Reached skill level 5 in Armour
  5398 | D:6      | Found a radiant altar of Vehumet.
  5493 | D:6      | Identified the +0 pair of boots of Tius {rN++ Str+2 Int-4
                  | Stlth+}
  5739 | D:6      | Reached skill level 9 in Axes
  5773 | D:6      | Reached **** piety under Trog
  5832 | D:6      | Found Regishrem's Specific Store.
  5834 | D:6      | Found Isunaol's General Store.
  5893 | D:6      | Found a bloodstained altar of Trog.
  6175 | D:7      | Reached XP level 9. HP: 78/78 MP: 9/9
  6248 | D:7      | Found a flagged portal.
  6270 | Bailey   | Entered a bailey
  6358 | Bailey   | Reached skill level 10 in Axes
  6456 | Bailey   | Noticed a gargoyle
  6461 | Bailey   | Killed a gargoyle
  6544 | Bailey   | Reached ***** piety under Trog
  6557 | Bailey   | Identified the +1 scale mail "Lipemaer" {rElec rC+ Dex+4}
  6793 | D:7      | Reached skill level 11 in Axes
  6818 | D:7      | Reached XP level 10. HP: 79/88 MP: 10/10
  6890 | D:7      | Found a blossoming altar of Fedhas.
  6922 | D:7      | Reached skill level 5 in Dodging
  7448 | D:8      | Received a gift from Trog
  7592 | D:8      | Reached skill level 12 in Axes
  8441 | D:9      | Noticed a tengu warrior
  8441 | D:9      | Noticed a cyclops
  8441 | D:9      | Noticed Erica
  8441 | D:9      | Found the ring of the Hare {EV+8}
  8441 | D:9      | Found a transporter.
  8443 | D:9      | Noticed a centaur warrior
  8445 | D:9      | Noticed a deep elf pyromancer
  8447 | D:9      | Noticed a cyclops
  8447 | D:9      | Noticed a red ugly thing
  8451 | D:9      | Killed Erica
  8536 | D:9      | Noticed an obsidian statue
  8543 | D:9      | Found a transporter.
  8563 | D:9      | Noticed an angel
  8564 | D:9      | Found a glowing silver altar of Zin.
  8564 | D:9      | Found a shimmering altar of Xom.
  8606 | D:9      | Noticed Grum
  8842 | D:8      | Reached skill level 13 in Axes
  8842 | D:8      | Reached skill level 5 in Ranged Weapons
  8944 | D:8      | Killed Grum
  8945 | D:8      | Reached XP level 11. HP: 60/95 MP: 11/11
  9397 | D:9      | Found a staircase to the Lair.
  9408 | D:9      | Found Facitep's Jewellery Shoppe.
  9448 | D:9      | Identified the +7 trident of the Sea {protect, Drain rPois
                  | rF+ rN+ Int+4}
  9449 | D:9      | Found an ancient bone altar of Kikubaaqudgha.
  9635 | D:9      | Received a gift from Trog
  9645 | D:9      | Found a staircase to the Orcish Mines.
  9897 | D:10     | Entered Level 10 of the Dungeon
 10428 | D:10     | Reached skill level 14 in Axes
 10636 | D:10     | Found a white marble altar of Elyvilon.
 11050 | Lair:1   | Entered Level 1 of the Lair of Beasts
 11536 | Lair:1   | Reached skill level 10 in Fighting
 11542 | Lair:1   | Reached XP level 12. HP: 40/106 MP: 12/12
 11954 | Lair:1   | Reached skill level 15 in Axes
 12449 | Lair:2   | Found a staircase to the Snake Pit.
 13037 | Lair:2   | Found a staircase to the Shoals.
 13485 | Lair:3   | Received a gift from Trog
 13628 | Lair:3   | Noticed a death yak
 13630 | Lair:3   | Noticed a death yak
 13643 | Lair:3   | Killed a death yak
 13646 | Lair:3   | Killed a death yak
 13647 | Lair:3   | Reached skill level 1 in Evocations
 13699 | Lair:3   | Noticed a death yak
 13700 | Lair:3   | Reached skill level 16 in Axes
 13707 | Lair:3   | Killed a death yak
 14075 | Lair:3   | Reached ****** piety under Trog
 14076 | Lair:3   | Reached XP level 13. HP: 107/116 MP: 13/13
 14687 | Lair:4   | Reached skill level 10 in Armour
 15806 | Lair:4   | Received a gift from Trog
 15807 | Lair:4   | Reached skill level 17 in Axes
 15975 | Lair:5   | Entered Level 5 of the Lair of Beasts
 16592 | Lair:5   | Found a staircase to the Slime Pits.
 16593 | Lair:5   | Found a viscous altar of Jiyva.
 16835 | Lair:5   | Reached XP level 14. HP: 117/125 MP: 14/14
 17493 | Lair:5   | Reached skill level 18 in Axes
 17857 | Lair:5   | Noticed a dire elephant
 17866 | Lair:5   | Reached skill level 10 in Ranged Weapons
 18070 | Lair:5   | Killed a dire elephant
 18545 | D:9      | Identified the +1 helmet of Optor {Will+ SInv}
 18724 | D:11     | Noticed Urug
 18732 | D:11     | Killed Urug
 19616 | D:12     | Received a gift from Trog
 19649 | D:12     | Found Cethygawk's Antique Armour Shop.
 19719 | D:12     | Bought a dazzling chain mail for 228 gold pieces
 19719 | D:12     | Identified the +3 chain mail of the Present {Contam rF+
                  | Str+6 Int+2} (You bought it in a shop on level 12 of the
                  | Dungeon)
 19975 | D:13     | Identified the ring "Wumexuu" {rElec Str+3 Int+6}
 20005 | D:13     | Identified the +2 helmet "Darchubo" {rElec rPois Slay+6
                  | SInv}
 20088 | D:13     | Noticed Kirke
 20097 | D:13     | Killed Kirke
 20131 | D:13     | Found a gate to the Vaults.
 20137 | D:13     | Reached skill level 19 in Axes
 20137 | D:13     | Reached XP level 15. HP: 126/134 MP: 15/15
 20271 | D:13     | Noticed a storm dragon
 20279 | D:13     | Noticed a sphinx
 20281 | D:13     | Killed a storm dragon
 20294 | D:13     | Killed a sphinx
 20347 | D:13     | Identified the +2 short sword "Mihir" {vorpal, rElec Will+
                  | Int+3}
 21508 | D:15     | Entered Level 15 of the Dungeon
 21522 | D:14     | Received a gift from Trog
 21539 | D:15     | Noticed Josephine
 21743 | D:14     | Reached skill level 20 in Axes
 21743 | D:14     | Killed Josephine
 22571 | D:15     | Found a staircase to the Depths.
 22810 | Shoals:1 | Entered Level 1 of the Shoals
 22810 | Shoals:1 | Found a transporter.
 22812 | Shoals:1 | Found a bloodstained altar of Trog.
 22812 | Shoals:1 | Noticed Zuxu Cyl's ghost (adept GrEE)
 22828 | Shoals:1 | Found a transporter.
 22856 | Shoals:1 | Reached XP level 16. HP: 119/145 MP: 16/16
 23649 | Shoals:2 | Found Jeameuc's Book Shop.
 23659 | Shoals:2 | Received a gift from Trog
 23668 | Shoals:2 | Reached skill level 10 in Dodging
 24335 | Shoals:3 | Found a transporter.
 24440 | Shoals:3 | Noticed a Hell Sentinel
 24475 | Shoals:3 | Noticed a tentacled starspawn
 24485 | Shoals:3 | Found a transporter.
 24491 | Shoals:3 | Noticed experimilk's ghost (adept DrCj)
 24493 | Shoals:3 | Found a one-way gate to the infinite horrors of the Abyss.
 24497 | Shoals:3 | Noticed a tentacled starspawn
 24527 | Shoals:3 | Identified the +8 spear "Puowan" {elec, Will+}
 24571 | Shoals:3 | Noticed Polyphemus
 24612 | Shoals:3 | Killed Polyphemus
 24613 | Shoals:3 | Reached skill level 21 in Axes
 24871 | Shoals:3 | Identified the ring "Cyasamn" {Fly Stlth+}
 25035 | Shoals:4 | Entered Level 4 of the Shoals
 25065 | Shoals:4 | Noticed Ilsuiw
 25085 | Shoals:4 | Killed Ilsuiw
 25663 | Shoals:4 | Received a gift from Trog
 25670 | Shoals:4 | Reached XP level 17. HP: 138/154 MP: 17/17
 25908 | Shoals:4 | Noticed a kraken
 26558 | Shoals:4 | Reached skill level 15 in Fighting
 26719 | Shoals:4 | Received a gift from Trog
 26722 | Shoals:4 | Got a barnacled rune of Zot
 27110 | Snake:1  | Entered Level 1 of the Snake Pit
 27292 | Snake:1  | Reached skill level 22 in Axes
 28426 | Snake:2  | Found Plog's Jewellery Emporium.
 28575 | Snake:2  | Noticed Frances
 28695 | Snake:2  | Killed Frances
 28778 | Snake:2  | Identified the +11 battleaxe of the End of Times {vorpal,
                  | *Corrode rElec rN++} (Trog gifted it to you on level 2 of
                  | the Snake Pit)
 28778 | Snake:2  | Received a gift from Trog
 29311 | Snake:3  | Reached XP level 18. HP: 159/163 MP: 18/18
 30331 | Snake:3  | Reached skill level 15 in Ranged Weapons
 30671 | Snake:3  | Reached skill level 23 in Axes
 31040 | Snake:4  | Entered Level 4 of the Snake Pit
 32767 | Snake:4  | Received a gift from Trog
 33262 | Snake:4  | Got a serpentine rune of Zot
 33670 | Orc:1    | Entered Level 1 of the Orcish Mines
 34038 | Orc:1    | Received a gift from Trog
 34172 | Orc:1    | Found a roughly hewn altar of Beogh.
 34230 | Orc:2    | Entered Level 2 of the Orcish Mines
 34410 | Orc:2    | Reached XP level 19. HP: 173/173 MP: 19/19
 34476 | Orc:2    | Found a staircase to the Elven Halls.
 34521 | Orc:2    | Found Virig's Gadget Gallery.
 34777 | Orc:2    | Received a gift from Trog
 34810 | Orc:2    | Found Navaog's Antique Weapon Emporium.
 34810 | Orc:2    | Found Raics's Distillery.
 34812 | Orc:2    | Found Uliqeji Hon's Armour Emporium.
 34812 | Orc:2    | Found Hoefoer's Weapon Shop.
 34973 | Elf:1    | Entered Level 1 of the Elven Halls
 35151 | Elf:1    | Noticed Nikola
 35157 | Elf:1    | Reached skill level 24 in Axes
 35173 | Elf:1    | Killed Nikola
 35174 | Elf:1    | Reached skill level 15 in Armour
 35411 | Elf:1    | Found Kuety's Book Boutique.
 35416 | Elf:1    | Found the +2 cloak of the Thief {*Fog Slay-2 SInv Stlth+}
 35448 | Elf:1    | Found Zuebros's Weapon Shop.
 35500 | Elf:1    | Found Beackit's Weapon Emporium.
 35759 | Elf:1    | Found Hojaje's Antique Weapon Emporium.
 35822 | Elf:1    | Noticed Agnes
 35822 | Elf:1    | Noticed Jorgrun
 35827 | Elf:1    | Killed Agnes
 35844 | Elf:1    | Killed Jorgrun
 35927 | Elf:1    | Found Uruot's Book Emporium.
 36559 | Elf:2    | Found a runed translucent gate.
 36559 | Elf:2    | Found a runed translucent gate.
 36562 | Elf:2    | Found a runed translucent gate.
 36651 | Elf:2    | Received a gift from Trog
 37937 | Elf:3    | Entered Level 3 of the Elven Halls
 37953 | Elf:3    | Received a gift from Trog
 38088 | Elf:3    | Reached XP level 20. HP: 185/185 MP: 20/20
 38477 | Elf:3    | Found Nyug's Weapon Shoppe.
 38538 | Elf:3    | Found Omeedubli's Assorted Antiques.
 38538 | Elf:3    | Found Kaut's General Store.
 38539 | Elf:3    | Found Idwegoto's Armour Shop.
 38541 | Elf:3    | Found Guics's Weapon Shop.
 38556 | Elf:3    | Bought a scroll of teleportation for 36 gold pieces
 38556 | Elf:3    | Bought a potion of heal wounds for 60 gold pieces
 38640 | Elf:3    | Found a radiant altar of Vehumet.
 38932 | Elf:3    | Received a gift from Trog
 39252 | Elf:3    | Identified the ring "Cuw Ucs" {Will+ Int+7}
 39260 | Elf:3    | Identified the +4 flail "Ugitaef" {vorpal, Will+ Stlth+}
 39260 | Elf:3    | Identified the amulet "Kuusizxaemo" {RegenMP rN+ rCorr}
 39305 | Elf:3    | Identified the ring of Creativity {rC+ Will+ MP+9 SInv}
 39405 | Elf:3    | Identified the +8 rapier "Coucheonn" {antimagic, rElec}
 39445 | Elf:3    | Identified the +5 trident "Ximafamaliu" {drain, +Blink rN+
                  | Str+2}
 40198 | Vaults:1 | Entered Level 1 of the Vaults
 40566 | Vaults:1 | Received a gift from Trog
 41216 | Vaults:1 | Reached XP level 21. HP: 188/198 MP: 21/21
 41637 | Vaults:1 | You fall into a shaft and drop 1 floor!
 41859 | Vaults:2 | Received a gift from Trog
 42036 | Vaults:2 | Killed from afar by a crystal guardian

Illustrated notes

Levels and vault maps discovered:
D:1:      wander_arrival_abandoned_jail, layout_basic,
          chequers_serial_rivers_micro_b, minmay_misc_feat_four_crosses
D:2:      layout_basic, serial_shops, shop, dreamdust_ecumenical_altar_grove,
          uniq_natasha
D:3:      layout_basic, mainiacjoe_overflow_surrounded_room,
          nicolae_overflow_hidden_temple, minmay_pentangle
D:4:      layout_rooms, mainiacjoe_overflow_alcove_2, serial_shops,
          kennysheep_mini_moat, kennysheep_generic_room_13
D:5:      cheibrodos_quashed, layout_rooms, mainiacjoe_overflow_brackets,
          minmay_temple_entry_ruins, ebering_ghost_sewer_d,
          chequers_mini_garden, roderic_nine_men_s_morris,
          pf_guarded_unrand_woodcutter
D:6:      layout_rooms, vehumet_statue, trog_hazing_becter,
          chequers_serial_rivers_micro_b, nicolae_specific_store
D:7:      layout_loops_ring, fedhas_altar_2, enter_bailey_5
D:8:      layout_loops_corners
D:9:      gammafunk_sealed_arena, layout_rooms, general_overflow_altar,
          grunt_temple_overflow_order_and_chaos_1, minmay_lair_entry_grove,
          erik_orc_1, serial_shops, shop, uniq_grum, uniq_erica
D:10:     layout_roguey, marbit_many_paths, serial_aquarium,
          aquarium_bridge_square [aquarium_subvault_wall,
          aquarium_subvault_bridge, aquarium_subvault_bridge,
          aquarium_subvault_bridge], aquarium_window_1, aquarium_window_double,
          aquarium_window_1, aquarium_window_fake, aquarium_view_2d
D:11:     layout_stronghold, uniq_urug
D:12:     layout_rooms, serial_shops, shop
D:13:     minmay_sliced_demisemicircle, layout_basic, erik_vaults_1, uniq_kirke
D:14:     layout_rooms, serial_park_paths [serial_park_minivault_5x5_8]
D:15:     hangedman_depths_entry_try_elsewhere_first, layout_basic,
          uniq_josephine
Lair:1:   layout_regular_city, minmay_hedge_maze, serial_bayou_shore_b
Lair:2:   layout_loops_ring, minmay_shoals_entry_lonely_mermaid,
          minmay_snake_entry_six_corridors
Lair:3:   layout_cave_pods, grunt_megastairs_5, infiniplex_staircase_pool_2
Lair:4:   layout_hall_layers, hibernation_bobbens, grunt_megastairs_2
Lair:5:   guppyfry_lair_end_dragon, layout_concentric_octagons,
          hangedman_lair_in_review, minmay_slime_entry_pillars, minivault_11,
          grunt_forest_small_clearing_treed
Shoals:1: layout_shoals, gammafunk_ghost_wrathful_warriors
Shoals:2: layout_shoals, serial_shops, shop
Shoals:3: layout_shoals, gammafunk_ghost_abyssal_escape, uniq_polyphemus
Shoals:4: shoals_end_grunt_ice, layout_shoals, shoals_ilsuiw_ice
Snake:1:  layout_onion, drop_trap
Snake:2:  layout_misc_corridors, serial_shops,
          nicolae_shop_temple_entry_statues_fountains, uniq_frances
Snake:3:  layout_chambers, grunt_ministairs_4
Snake:4:  snake_pit_salamanders_mu, layout_misc_corridors
Orc:1:    layout_diamond_mine, basic_altar
Orc:2:    grunt_orc_tribal_feast, layout_caves, nicolae_shop_gadgets
Elf:1:    layout_onion_city, serial_shops, nicolae_shop_behind_doors,
          nicolae_square_shop, shop, nicolae_shop_crystal, shop, minivault_28,
          drop_trap, uniq_agnes, uniq_jorgrun, uniq_nikola
Elf:2:    nicolae_elf_blades_splatter_lattice [grunt_blade_entry_basic],
          layout_loops_cross
Elf:3:    grunt_elf_hall_diamonds, layout_geoelf_castle, serial_shops, shop,
          basic_altar, minmay_shop_grid_forest, minivault_25,
          minmay_misc_feat_cross, minmay_elf_necromancy
Vaults:1: v_pattern_3, v_alt_pattern_5, nicolae_vaults_little_ls,
          vaults_mumra_bighexcomb, v_alt_pattern_2,
          nicolae_vaults_network_quinsquares
          [nicolae_vaults_network_quincunx_subvault,
          nicolae_vaults_network_quincunx_subvault,
          nicolae_vaults_network_quincunx_subvault,
          nicolae_vaults_network_quincunx_subvault], vaults_room_pools,
          vaults_room_pool, ontoclasm_vaults_gateway, nicolae_vaults_alarming,
          v_misc_16, layout_vaults_chaotic_city
Vaults:2: v_misc_33, vaults_room_hallway, v_rooms_5, v_pattern_4,
          nicolae_vaults_stairing_the_circle, nicolae_vaults_little_squares_2,
          nicolae_vaults_theta, minmay_crypt_entry_simple_sparse,
          grunt_vaults_focal, hangedman_vaults_trim, hangedman_vaults_snaps,
          layout_vaults_ring, uniq_aizul, uniq_xtahua

Skill      XL: |  1  2  3  4  5  6  7  8  9 10 11 12 13 14 15 16 17 18 19 20 21 |
---------------+----------------------------------------------------------------+-----
Fighting       | 4 5 6 7 8 10 11 12 13 14 15 16 17 19 | 19.6
Dodging        | 2 3 4 5 6 7 8 9 10 11 12 13 14 | 14.1
Axes           | 5 6 7 9 11 13 14 16 17 19 20 21 22 23 24 | 24.0
Armour         | 3 4 5 6 7 8 9 10 11 12 13 14 15 17 | 17.8
Throwing       | 1 2 |  2.0
Ranged Weapons | 2 3 5 6 7 9 10 12 13 14 16 18 | 18.0
Evocations     | 1 3 |  3.0

Action                   |  1- 3 |  4- 6 |  7- 9 | 10-12 | 13-15 | 16-18 | 19-21 || total
-------------------------+-------+-------+-------+-------+-------+-------+-------++-------
Melee: Hand axe          |    77 |   214 |    88 |       |       |       |       ||   379
       Punch             |     2 |     1 |     1 |       |       |       |       ||     4
       Battleaxe         |       |       |   197 |    49 |       |       |       ||   246
       Executioner's axe |       |       |       |   305 |   618 |   975 |   730 ||  2628
 Fire: Arbalest          |       |       |     5 |    56 |    84 |   153 |    77 ||   375
Invok: Berserk           |       |     4 |     1 |     1 |     3 |     6 |     7 ||    22
       Trog's Hand       |       |     1 |       |       |     1 |       |       ||     2
Evoke: Wand              |       |       |       |       |       |     4 |     1 ||     5
  Use: Potion            |     2 |       |       |       |     3 |     2 |       ||     7
       Scroll            |       |    11 |     8 |     3 |     7 |     6 |     4 ||    39
 Stab: Sleeping          |     1 |       |     3 |     1 |       |       |       ||     5
       Confused          |       |       |       |     1 |       |       |       ||     1
       Petrified         |       |       |       |       |     5 |     9 |       ||    14
       Distracted        |       |       |       |       |       |     1 |     1 ||     2
Armor: Animal skin       |    12 |    48 |    18 |       |       |       |       ||    78
       Leather armour    |       |       |    30 |       |       |       |       ||    30
       Scale mail        |       |       |    12 |   142 |   219 |       |       ||   373
       Chain mail        |       |       |     1 |       |   164 |   182 |       ||   347
       Crystal plate arm |       |       |       |       |       |   373 |   384 ||   757
Dodge: Dodged            |    43 |   181 |   253 |   392 |   757 |   934 |   436 ||  2996

Table legend: (Time is in decaauts)
 A = Elapsed time spent in this place.
 B = Non-inter-level travel time spent in this place.
 C = Inter-level travel time spent in this place.
 D = Time resting spent in this place.
 E = Time spent auto-exploring this place.
 F = Levels seen in this place.
 G = Mean time per level.
                   A        B        C        D        E       F      G
               +--------+--------+--------+--------+--------+-----+--------+
         Total |  42434 |  40493 |   1941 |   7752 |  23513 |  36 | 1178.7 |
       Dungeon |  15331 |  14574 |    757 |   2437 |   9591 |  15 | 1022.1 |
          Lair |   7564 |   7151 |    413 |   1542 |   4525 |   5 | 1512.8 |
        Shoals |   4601 |   4435 |    166 |    723 |   2347 |   4 | 1150.2 |
     Snake Pit |   6357 |   6145 |    212 |   1770 |   2523 |   4 | 1589.2 |
  Orcish Mines |   1364 |   1261 |    103 |    169 |    811 |   2 |  682.0 |
   Elven Halls |   4943 |   4656 |    287 |    918 |   2213 |   3 | 1647.7 |
        Vaults |   1780 |   1780 |      0 |    191 |   1193 |   2 |  890.0 |
        Bailey |    491 |    491 |      0 |      0 |    307 |   1 |  491.0 |
               +--------+--------+--------+--------+--------+-----+--------+

Top non-repeatable levels by time:
 Snake:4: 2404 daAuts
  Lair:5: 2271 daAuts
   Elf:2: 2012 daAuts
Shoals:4: 1827 daAuts
   Elf:3: 1721 daAuts
     D:5: 1599 daAuts
     D:8: 1536 daAuts
 Snake:3: 1497 daAuts
  Lair:4: 1476 daAuts
     D:9: 1468 daAuts
Vaults:1: 1396 daAuts
  Lair:3: 1319 daAuts
  Lair:1: 1314 daAuts
 Snake:1: 1306 daAuts
   Elf:1: 1209 daAuts
